AoeStats
← LT | Aristóteles Gokú

Arena

509816739Analyzed
4v4 RM · 4d ago on Sep 28, 2026· 47m 9s· 8 players
Game mode
Random Map
Map size
Large (8 player)
Population
200
Speed
Normal
Resources
Standard
Victory
Conquest
Starting age
Dark Age
Ending age
Imperial Age
RankedLock teamsTeams togetherTeam positionsShared explorationLock speedFull tech treeHidden civsTurbo modeCheats
Victory
Defeat
🇨🇳 Mongols · China
1147
+17
🇲🇽 Slavs · Mexico
1108
+18
🇹🇷 Aztecs · Türkiye
1086
+19
🇵🇪 Franks · Peru
1049
+21
🇨🇳 Gurjaras · China
1188
-20
🇨🇳 Poles · China
1171
-19
🇨🇴 Persians · Colombia
1141
-18
🇺🇾 Wei · Uruguay
1135
-18
Gyurkobeats
10:27 Feudal Age
14:56 Castle Age
14:49 Loom
15:40 Double-Bit Axe
16:14 Horse Collar
18:01 Wheelbarrow
19:27 Town Watch
22:11 Bow Saw
22:04 Gold Mining
23:52 Heavy Plow
24:30 Gold Shaft Mining
24:46 Stone Mining
25:13 Hand Cart
25:31 Scale Barding Armor
25:39 Forging
27:30 Stone Shaft Mining
27:56 Bloodlines
30:24 Imperial Age
28:01 Husbandry
29:06 Bloodlines
30:17 Town Patrol
30:43 Heavy Hei Guang Cavalry
31:55 Chain Barding Armor
32:11 Iron Casting
32:23 Crop Rotation
31:43 Light Cavalry
33:04 Tuntian
35:01 Blast Furnace
33:53 Fletching
34:05 Padded Archer Armor
35:42 Elite Skirmisher
36:28 Thumb Ring
38:32 Bodkin Arrow
39:48 Bracer
40:03 Leather Archer Armor
42:41 Hussar
44:30 Conscription
44:46 Hoardings
44:53 Ring Archer Armor
44:56 Parthian Tactics
45:13 Murder Holes
46:19 Chemistry
45:39 Ballistics
45:32 Masonry
45:03 Treadmill Crane
45:35 Fortified Wall
LT | Aristóteles Gokú
11:26 Feudal Age
15:55 Castle Age
14:18 Scale Barding Armor
14:23 Forging
14:02 Loom
14:02 Town Watch
14:38 Double-Bit Axe
15:29 Horse Collar
17:02 Wheelbarrow
17:23 Bow Saw
25:04 Bloodlines
24:58 Husbandry
25:09 Bloodlines
24:59 Husbandry
25:58 Hand Cart
25:44 Town Patrol
25:52 Town Patrol
27:45 Heavy Plow
30:42 Imperial Age
29:09 Iron Casting
28:54 Chain Barding Armor
28:39 Husbandry
29:56 Chain Barding Armor
30:29 Cavalier
32:11 Savar
32:28 Pikeman
32:51 Pikeman
33:17 Gambesons
33:32 Squires
37:55 Crop Rotation
41:45 Blast Furnace
41:20 Plate Barding Armor
41:46 Blast Furnace
41:18 Light Cavalry
42:38 Plate Barding Armor
42:20 Hussar
46:46 Capped Ram
默默发育
10:31 Feudal Age
14:12 Castle Age
12:41 Double-Bit Axe
13:03 Horse Collar
17:10 Bow Saw
22:23 Wheelbarrow
23:40 Hand Cart
23:34 Gold Mining
26:11 Stone Mining
26:25 Heavy Plow
29:01 Imperial Age
26:51 Forging
26:46 Scale Barding Armor
26:38 Loom
29:10 Iron Casting
28:55 Chain Barding Armor
28:42 Szlachta Privileges
29:18 Bloodlines
29:11 Husbandry
29:48 Coinage
29:09 Cavalier
30:51 Blast Furnace
30:23 Crop Rotation
30:17 Conscription
33:00 Banking
37:03 Lechitic Legacy
44:26 Light Cavalry
45:34 Winged Hussar
xygogo
11:06 Feudal Age
11:57 Double-Bit Axe
11:53 Horse Collar
12:10 Stone Mining
12:45 Stone Mining
16:00 Castle Age
21:05 Wheelbarrow
23:49 Bow Saw
25:33 Gold Mining
26:58 Heavy Plow
29:47 Imperial Age
28:58 Fletching
29:37 Kshatriyas
30:13 Stone Shaft Mining
30:28 Bodkin Arrow
31:00 Conscription
32:22 Chemistry
31:49 Bracer
32:53 Elite Elephant Archer
33:35 Padded Archer Armor
33:54 Thumb Ring
34:38 Masonry
34:52 Ballistics
35:22 Leather Archer Armor
36:16 Fortified Wall
36:40 Devotion
[BK] Ayala_27
11:00 Feudal Age
12:08 Loom
15:10 Castle Age
13:22 Double-Bit Axe
14:58 Horse Collar
15:12 Gold Mining
18:04 Sanctity
18:39 Town Watch
22:31 Fortified Wall
24:24 Redemption
24:55 Bow Saw
24:48 Heavy Plow
25:28 Gold Shaft Mining
26:12 Wheelbarrow
25:26 Pikeman
26:06 Squires
28:35 Stone Mining
31:26 Imperial Age
29:10 Detinets
29:16 Man-at-Arms
30:36 Hand Cart
30:24 Light Cavalry
32:30 Conscription
31:38 Halberdier
32:34 Long Swordsman
32:59 Capped Ram
34:19 Block Printing
35:17 Two-Man Saw
34:51 Crop Rotation
35:06 Masonry
34:48 Two-Handed Swordsman
36:32 Siege Ram
37:57 Heavy Scorpion
40:05 Scale Mail Armor
40:15 Forging
40:01 Champion
41:14 Chain Mail Armor
43:08 Hoardings
43:08 Plate Mail Armor
43:35 Bloodlines
43:26 Husbandry
42:47 Hussar
44:09 Iron Casting
45:37 Siege Engineers
46:33 Chemistry
45:54 Ballistics
47:55 Blast Furnace
46:18 Cavalier
47:08 Scale Barding Armor
47:04 Druzhina
47:02 Murder Holes
DSLG | Shamer
12:46 Feudal Age
16:30 Castle Age
15:13 Double-Bit Axe
16:31 Loom
18:01 Bow Saw
22:53 Gold Mining
25:38 Wheelbarrow
26:14 Husbandry
27:06 Scale Barding Armor
29:28 Forging
30:23 Hand Cart
31:34 Chain Barding Armor
33:39 Iron Casting
35:50 Imperial Age
34:38 Gold Shaft Mining
33:53 Stone Mining
36:17 Cavalier
37:21 Conscription
39:28 Blast Furnace
38:43 Light Cavalry
40:02 Elite Throwing Axeman
40:51 Chivalry
40:47 Paladin
46:41 Plate Barding Armor
46:06 Scale Mail Armor
46:02 Pikeman
46:29 Gambesons
46:30 Arson
46:46 Squires
Mesut Komser
11:44 Feudal Age
12:24 Loom
13:10 Double-Bit Axe
16:08 Castle Age
14:19 Horse Collar
20:49 Wheelbarrow
20:51 Gold Mining
21:57 Stone Mining
27:02 Hand Cart
26:32 Town Watch
30:58 Imperial Age
29:00 Forging
29:42 Fervor
29:51 Squires
30:13 Heavy Plow
30:24 Bow Saw
30:32 Fortified Wall
31:26 Iron Casting
31:20 Sanctity
31:55 Block Printing
32:32 Theocracy
31:38 Pikeman
32:08 Treadmill Crane
32:41 Scale Mail Armor
33:26 Town Patrol
33:54 Redemption
34:49 Blast Furnace
35:10 Chain Mail Armor
34:54 Arson
35:46 Illumination
35:05 Elite Jaguar Warrior
36:48 Ballistics
39:19 Plate Mail Armor
41:57 Conscription
42:06 Garland Wars
42:53 Chemistry
45:01 Fletching
45:20 Siege Engineers
47:01 Crop Rotation
电风扇
9:48 Feudal Age
11:06 Double-Bit Axe
13:44 Castle Age
12:42 Horse Collar
16:30 Town Watch
16:30 Town Watch
19:09 Town Watch
19:26 Loom
23:49 Gold Mining
23:53 Stone Mining
25:18 Wheelbarrow
25:17 Bow Saw
26:19 Stone Shaft Mining
26:40 Heavy Plow
27:34 Fletching
30:20 Imperial Age
28:29 Ballistics
28:56 Stone Shaft Mining
28:57 Gold Shaft Mining
29:02 Hand Cart
29:14 Bodkin Arrow
30:58 Husbandry
31:08 Bloodlines
31:23 Conscription
31:33 Bracer
32:46 Chemistry
32:14 Parthian Tactics
31:54 Thumb Ring
31:56 Herbal Medicine
32:17 Murder Holes
33:55 Masonry
33:21 Elite Mangudai
34:02 Padded Archer Armor
35:36 Leather Archer Armor
37:25 Light Cavalry
37:50 Cavalier
38:39 Scale Barding Armor
38:45 Forging
Connection lost

Rejoining the realm…

Still unreachable

The connection could not be restored.

Session expired

The server has moved on; the page needs a fresh start.